Map: Ice and Chrome LE

Players

INnoVation

  • Race: Terran Terran
  • Spawn Location: 1:00

Neeb - Winner!

  • Race: Protoss Protoss
  • Spawn Location: 7:00

Event: DreamHack SC2 Masters 2020 Summer Season Finals

VOD

Have the link to the VOD?

Description

Time

  • Played on: July 16, 2020, 1:37 p.m.
  • Length: 15:42

All games in this series

Show
View Real Time Build Order
Export as new Build Order

INnoVation Terran 

Build Orders:  

Get SALT Encoding   

  12  0:00  SCV  
  13  0:12  SCV  
  14  0:17  Supply Depot  
  14  0:25  SCV  
  15  0:38  SCV  
  15  0:40  Barracks  
  16  0:43  Refinery  
  16  0:50  SCV  
  17  1:02  SCV  
  18  1:15  SCV  
  19  1:26  Marine  
  19  1:27  Orbital Command  
  20  1:43  Command Center  
  20  1:45  Barracks Reactor  
  20  1:53  SCV  
  21  1:57  Supply Depot  
  21  2:05  SCV  
  22  2:11  Factory  
  22  2:17  SCV  
  22  2:18  Refinery  
  22  2:22  Marine  
  24  2:23  Marine  
  24  2:29  SCV  
  26  2:39  Marine  
  26  2:41  Marine, SCV  
  29  2:55  Orbital Command  
  29  2:56  Starport  
  29  2:57  SCV  
  30  3:04  Hellion  
  34  3:05  Hellion  
  34  3:09  SCV  
  34  3:11  Barracks Tech Lab  
  35  3:22  SCV x2  
  35  3:26  Widow Mine  
  41  3:27  Widow Mine  
  41  3:28  Supply Depot  
  41  3:32  Medivac  
  43  3:35  SCV x2  
  43  3:40  Supply Depot  
  45  3:47  SCV  
  46  3:49  SCV  
  43  3:56  Marine x2  
  43  3:59  SCV  
  43  4:01  SCV  
  50  4:03  Cyclone, Viking  
  50  4:11  SCV  
  50  4:13  SCV  
  52  4:18  Command Center  
  52  4:20  Marine x2  
  52  4:23  SCV  
  55  4:26  SCV  
  55  4:28  Supply Depot  
  56  4:36  Cyclone  
  56  4:37  Marine, SCV  
  56  4:38  SCV  
  62  4:39  Starport Tech Lab  
  62  4:42  Supply Depot  
  62  4:49  Marine, SCV  
  62  4:50  SCV  
  65  4:53  Barracks  
  65  4:58  Barracks  
  65  5:02  SCV x2  
  65  5:05  Supply Depot  
  67  5:09  Starport Reactor  
  67  5:13  Engineering Bay x2  
  67  5:14  SCV x2  
  68  5:15  Refinery  
  68  5:16  Refinery  
  68  5:17  Stimpack  
  68  5:18  Marine  
  70  5:26  SCV x2  
  70  5:27  Factory Reactor  
  72  5:33  Orbital Command  
  72  5:38  SCV x2  
  72  5:40  Terran Infantry Weapons Level 1, Terran Infantry Armor Level 1  
  74  5:47  Barracks  
  74  5:50  SCV x2  
  74  5:53  Marine x3, Barracks  
  74  5:56  Missile Turret  
  78  5:57  Combat Shield  
  78  5:58  Marine, Missile Turret  
  78  6:01  Orbital Command  
  78  6:02  SCV x2  
  81  6:09  Medivac x2  
  81  6:10  Marine  
  81  6:11  Marine  
  87  6:14  SCV x2  
  89  6:20  Supply Depot  
  89  6:21  Missile Turret  
  89  6:22  Supply Depot  
  89  6:24  Marauder  
  89  6:25  Marauder  
  93  6:28  SCV x3  
  95  6:36  Marine x2, Barracks Tech Lab  
  97  6:40  Supply Depot, SCV x3  
  97  6:44  Viking x2  
  104  6:49  Refinery  
  104  6:50  Refinery  
  104  6:53  SCV x3  
  105  6:55  Marine x4  
  105  6:58  Factory Reactor  
  105  6:59  Starport  
  105  7:03  Armory  
  105  7:06  SCV x3  
  108  7:14  Command Center  
  108  7:19  Viking  
  108  7:20  Viking  
  112  7:25  SCV x3  
  112  7:28  Supply Depot x2, Marine  
  112  7:29  Marine x3  
  119  7:38  Ghost Academy  
  119  7:49  Viking x2  
  123  7:51  Viking x2  
  123  7:57  Marauder x3, Marine  
  123  7:58  Marine x3  
  136  7:59  Supply Depot x2  
  135  8:08  SCV x3, Barracks  
  135  8:09  Barracks x2  
  138  8:17  Terran Infantry Weapons Level 2, Terran Infantry Armor Level 2  
  138  8:19  Medivac  
  140  8:20  Medivac  
  140  8:21  Ghost x2  
  140  8:26  Ghost  
  146  8:29  Marine  
  146  8:30  Marine x3  
  146  8:33  Missile Turret  
  152  8:34  SCV x3  
  155  8:41  Enhanced Shockwaves  
  155  8:42  Terran Ship Weapons Level 1  
  155  8:46  Refinery  
  155  8:47  Refinery  
  155  8:49  Marine x3  
  155  8:50  Marine  
  155  8:55  Ghost, Missile Turret  
  159  8:58  Planetary Fortress  
  161  9:04  Barracks Tech Lab x2  
  161  9:05  Barracks Reactor  
  161  9:08  Marine x2  
  161  9:09  Marine x2  
  162  9:10  Viking  
  162  9:13  Viking  
  166  9:20  Viking  
  166  9:22  Viking  
  169  9:24  Command Center  
  169  9:36  Supply Depot  
  169  9:37  Supply Depot x2  
  166  9:40  Viking  
  166  9:45  Ghost x2  
  172  9:57  Marine x4  
  172  9:58  Marine, Viking x2  
  172  9:59  Marauder x2, Viking  
  186  10:09  Ghost  
  186  10:10  Marine  
  189  10:17  Ghost x2  
  189  10:18  Marine, Viking  
  196  10:34  Viking  
  196  10:36  Marauder, Viking  
  196  10:41  Viking  
  185  10:48  Viking  
  181  10:50  Ghost x3  
  181  10:51  Marauder, Marine x5  
  181  10:52  Marine  
  195  10:57  Marauder, Nuke  
  195  10:58  Terran Ship Weapons Level 2  
  197  11:05  Viking  
  199  11:16  Planetary Fortress  
  198  11:19  Refinery  
  198  11:20  Refinery  
  198  11:21  Missile Turret  
  198  11:23  Ghost  
  198  11:24  Starport  
  200  11:29  Terran Infantry Weapons Level 3  
  200  11:36  Command Center  
  200  11:37  Command Center  
  200  11:42  Terran Infantry Armor Level 3  
  193  11:57  Viking x4  
  193  11:58  Ghost  
  193  12:00  Marauder  
  200  12:14  Personal Cloaking  
  200  12:32  Viking  
  200  12:33  Starport Reactor  
  195  12:40  Viking x3  
  195  12:42  Marauder x3, Marine x4  
  195  12:43  Marine x2  
  195  12:44  Marauder  
  197  12:46  Marauder  
  197  13:02  Ghost Academy, Viking  
  199  13:10  Starport  
  199  13:13  Factory Reactor  
  199  13:22  Orbital Command  
  199  13:23  Orbital Command  
  199  13:24  Command Center  
  198  13:32  Viking x4  
  191  13:34  Viking x2  
  191  13:39  Ghost  
  191  13:40  Nuke, Ghost x3  
  191  13:41  Marine x3  
  189  14:02  Viking x2  
  186  14:03  Ghost, Viking x2  
  186  14:04  Marine  
  186  14:08  Ghost  
  186  14:09  Marauder  
  121  14:48  Viking x6  
  121  14:49  Marine, Viking  
  121  14:50  Marauder x2, Marine  
Show
View Real Time Build Order
Export as new Build Order

Neeb Protoss - Winner!

Build Orders: 1 Gate Expand, Phoenix Opening, Carriers, Mass Phoenix, Colossus Rush 

Get SALT Encoding   

  12  0:00  Probe  
  13  0:12  Probe  
  14  0:16  Pylon  
  14  0:24  Probe  
  15  0:32  Probe  
  15  0:36  Gateway  
  15  0:40  Probe  
  16  0:46  Assimilator  
  17  0:51  Probe  
  18  1:03  Probe  
  19  1:15  Probe  
  20  1:22  Nexus  
  20  1:33  Cybernetics Core  
  20  1:35  Probe  
  21  1:41  Assimilator  
  21  1:47  Probe  
  21  1:50  Pylon  
  22  1:56  Probe  
  22  1:59  Adept  
  23  2:04  Probe  
  24  2:14  Probe  
  26  2:21  Stargate  
  27  2:26  Probe  
  27  2:29  Adept  
  30  2:31  Probe  
  30  2:33  Warp Gate  
  31  2:38  Probe  
  31  2:39  Probe  
  33  2:49  Probe  
  33  2:50  Probe  
  35  2:58  Phoenix  
  35  3:01  Probe  
  35  3:02  Probe  
  35  3:05  Stalker  
  41  3:07  Pylon  
  41  3:13  Probe  
  41  3:14  Probe  
  41  3:19  Phoenix  
  43  3:20  Shield Battery  
  43  3:25  Probe  
  43  3:26  Probe  
  47  3:33  Gateway  
  47  3:37  Probe  
  47  3:38  Probe  
  49  3:44  Robotics Facility  
  49  3:51  Probe  
  49  3:54  Assimilator, Probe  
  51  3:56  Assimilator  
  51  3:57  Phoenix  
  53  4:02  Pylon  
  53  4:03  Probe  
  53  4:09  Pylon  
  54  4:14  Phoenix  
  54  4:17  Pylon  
  54  4:19  Pylon  
  54  4:20  Probe x2  
  58  4:33  Probe x2  
  58  4:35  Nexus  
  58  4:38  Observer  
  61  4:42  Phoenix  
  61  4:45  Sentry, Probe  
  64  4:48  Probe  
  67  4:56  Pylon  
  67  4:57  Probe  
  68  5:01  Robotics Bay  
  68  5:03  Probe  
  68  5:04  Phoenix  
  69  5:08  Pylon  
  69  5:10  Probe  
  72  5:16  Observer, Probe  
  72  5:20  Shield Battery  
  74  5:22  Probe  
  74  5:23  Phoenix, Zealot x2  
  79  5:29  Probe  
  79  5:34  Assimilator, Probe  
  83  5:37  Colossus  
  83  5:39  Assimilator  
  83  5:43  Probe  
  83  5:48  Probe  
  90  5:50  Probe  
  90  5:51  Probe  
  90  5:55  Phoenix  
  95  5:59  Probe x2  
  95  6:02  Probe  
  98  6:05  Pylon  
  98  6:07  Extended Thermal Lance  
  98  6:10  Probe x2  
  100  6:14  Probe  
  101  6:20  Phoenix  
  101  6:21  Stalker, Colossus  
  101  6:22  Stalker, Pylon  
  107  6:29  Forge  
  107  6:39  Probe  
  114  6:43  Probe  
  114  6:45  Phoenix  
  117  6:50  Probe  
  117  6:52  Probe  
  117  6:58  Probe  
  117  7:00  Nexus  
  118  7:04  Fleet Beacon  
  118  7:05  Probe  
  118  7:06  Colossus, Probe  
  120  7:09  Pylon  
  120  7:11  Phoenix  
  122  7:17  Pylon  
  128  7:27  Probe x3  
  131  7:32  Photon Cannon  
  131  7:33  Phoenix  
  131  7:34  Pylon  
  131  7:37  Photon Cannon  
  131  7:39  Shield Battery  
  133  7:46  Protoss Air Weapons Level 1  
  133  7:47  Stargate  
  133  7:48  Disruptor, Probe  
  133  7:49  Stargate  
  133  7:50  Anion Pulse-Crystals  
  134  7:53  Probe  
  134  7:55  Probe  
  139  8:07  Protoss Shields Level 1  
  139  8:12  Assimilator  
  139  8:16  Adept x2, Assimilator, Shield Battery  
  139  8:17  Disruptor  
  139  8:18  Photon Cannon  
  143  8:23  Photon Cannon, Shield Battery  
  143  8:26  Robotics Facility  
  146  8:33  Carrier  
  146  8:42  Pylon  
  146  8:43  Photon Cannon  
  146  8:45  Carrier  
  146  8:46  Photon Cannon  
  146  8:49  Photon Cannon  
  146  8:52  Disruptor  
  155  8:55  Photon Cannon  
  155  8:57  Photon Cannon  
  155  9:04  Carrier  
  155  9:07  Pylon  
  161  9:12  Shield Battery  
  161  9:14  Shield Battery  
  165  9:26  Disruptor  
  165  9:29  Disruptor  
  168  9:34  Carrier  
  175  9:47  Protoss Air Weapons Level 2, Pylon  
  175  9:50  Photon Cannon, Pylon  
  175  9:54  Photon Cannon, Mothership  
  175  9:56  Photon Cannon  
  175  9:59  Photon Cannon  
  175  10:00  Pylon  
  175  10:01  Photon Cannon  
  175  10:03  Photon Cannon  
  175  10:04  Photon Cannon  
  175  10:05  Photon Cannon  
  175  10:12  Carrier  
  181  10:20  Carrier  
  188  10:42  Carrier  
  192  10:57  Twilight Council  
  192  11:01  Nexus  
  192  11:04  Pylon  
  192  11:06  Pylon  
  192  11:12  Stargate  
  192  11:15  Stargate  
  192  11:17  Assimilator  
  192  11:22  Carrier, Assimilator  
  198  11:30  Photon Cannon, Observer  
  198  11:32  Photon Cannon  
  199  11:33  Photon Cannon  
  199  11:35  Photon Cannon, Shield Battery  
  197  12:11  Templar Archives  
  197  12:14  Dark Shrine  
  195  12:19  Carrier  
  195  12:20  Protoss Air Weapons Level 3  
  195  12:22  Carrier  
  191  12:41  Disruptor x2  
  191  12:43  Psionic Storm  
  193  12:53  Nexus  
  193  12:54  Pylon  
  193  12:57  Carrier  
  193  12:58  Pylon  
  199  13:05  Pylon  
  199  13:11  Stargate  
  199  13:13  Stargate  
  199  13:18  Photon Cannon  
  199  13:19  Photon Cannon  
  199  13:21  Photon Cannon  
  199  13:22  Photon Cannon  
  199  13:25  Shield Battery  
  199  13:26  Shield Battery  
  199  13:28  Shield Battery  
  197  13:40  Assimilator  
  197  13:44  Assimilator  
  197  13:56  Dark Templar  
  193  14:04  Carrier  
  193  14:05  Photon Cannon  
  193  14:08  Photon Cannon  
  189  14:48  Probe x2  
  191  14:59  Nexus  
Tags
 
Add a new tag
Caveats
  • Supply blocks, unpowered buildings, or Contaminate may cause inaccurate times.
  • Supply counts are checked every 10 seconds.